AoeStats
← 游先生的游戏机

Arena

505413572Analyzed
1v1 RM · 23d ago on Sep 9, 2026· 36m 14s· 2 players
Game mode
Random Map
Map size
Tiny (2 player)
Population
200
Speed
Normal
Resources
Standard
Victory
Conquest
Starting age
Dark Age
Ending age
Imperial Age
RankedLock teamsTeams togetherTeam positionsShared explorationLock speedFull tech treeHidden civsTurbo modeCheats
Victory
Defeat
🇨🇳 Slavs · China
817
+15
🇬🇷 Portuguese · Greece
803
-15
Sunscream
10:44 Feudal Age
15:25 Castle Age
13:37 Stone Mining
14:08 Gold Mining
15:29 Double-Bit Axe
15:47 Loom
29:12 Double-Bit Axe
35:16 Imperial Age
34:25 Wheelbarrow
游先生的游戏机
2:27 Loom
10:28 Feudal Age
11:28 Double-Bit Axe
11:26 Horse Collar
12:54 Wheelbarrow
16:53 Gold Mining
16:54 Stone Mining
18:06 Bloodlines
17:51 Man-at-Arms
23:29 Castle Age
22:12 Scale Barding Armor
22:18 Forging
22:26 Scale Mail Armor
22:28 Fletching
25:01 Gold Shaft Mining
24:39 Bow Saw
24:33 Heavy Plow
25:33 Bodkin Arrow
25:47 Detinets
26:58 Hand Cart
32:15 Imperial Age
30:52 Ballistics
30:47 Masonry
31:23 Fortified Wall
31:15 Long Swordsman
31:15 Pikeman
31:56 Squires
31:22 Light Cavalry
32:03 Husbandry
32:56 Iron Casting
33:24 Siege Engineers
34:25 Two-Man Saw
34:12 Crop Rotation
34:36 Conscription
35:37 Blast Furnace
34:53 Two-Handed Swordsman
36:10 Murder Holes
Connection lost

Rejoining the realm…

Still unreachable

The connection could not be restored.

Session expired

The server has moved on; the page needs a fresh start.